 Dungeon Crawl Stone Soup version 0.28.0-53-g5a82cb258f (webtiles) character file.

Game seed: 5196744029087144452

14 H0rd4k the Charlatan (level 2, -3/21 HPs)
             Began as a Human Artificer on June 23, 2022.
             Slain by a gnoll
             ... wielding a +0 club
              (7 damage)
             ... on level 2 of the Dungeon.
             The game lasted 00:00:55 (1808 turns).

H0rd4k the Charlatan (Human Artificer)              Turns: 1808, Time: 00:00:56

Health: -3/21      AC:  3    Str: 12    XL:     2   Next: 60%
Magic:  2/2        EV: 11    Int: 11    God:
Gold:   27         SH:  0    Dex: 13    Spells: 1/1 levels left

rFire   . . .      SeeInvis .   a - +0 club
rCold   . . .      Faith    .   (no shield)
rNeg    . . .      Spirit   .   b - +0 leather armour
rPois   .          Reflect  .   (no helmet)
rElec   .          Harm     .   (no cloak)
rCorr   .          Rampage  .   (no gloves)
Will    .....                   (no boots)
Stlth   +.........              (no amulet)
HPRegen 0.07/turn               (no ring)
MPRegen 0.08/turn               (no ring)

@: no status effects
A: no striking features
a: no special abilities


You were on level 2 of the Dungeon.
You visited 1 branch of the dungeon, and saw 2 of its levels.

You collected 27 gold pieces.

Inventory:

Hand Weapons
 a - a +0 club (weapon)
Missiles
 h - 6 poisoned darts
Armour
 b - a +0 leather armour (worn)
Wands
 c - a wand of flame (13) (quivered)
 d - a wand of charming (10)
Potions
 f - a potion of might {unknown}
 g - a potion of curing {unknown}
 i - a potion of invisibility {unknown}
Miscellaneous
 e - a piece from Xom's chessboard (15/15)


   Skills:
 + Level 1.0 Fighting
 + Level 0.4 Maces & Flails
 - Level 2.0 Armour
 + Level 1.1 Dodging
 - Level 1.0 Stealth
 + Level 3.6 Evocations


You had one spell level left.
You didn't know any spells.
Your spell library was empty.

Dungeon Overview and Level Annotations

Branches:
Dungeon (2/15)

Altars:

Annotations:
D:1 exclusion: downstairs


Message History

You climb upwards.
There is a stone staircase leading down, spattered with blood here.
You see here a jackal skeleton.
You closely miss the jackal. The jackal barely misses you.
The jackal bites you.
* * * LOW HITPOINT WARNING * * *
You closely miss the jackal. The jackal closely misses you. x2
You miss the jackal. The jackal barely misses you.
The jackal bites you but does no damage.
You hit the jackal.
You kill the jackal!
HP restored.
Done exploring.
Press: ? - help, v - describe, . - travel A stone staircase leading down, spattered with blood.
Placed new exclusion.
Reduced exclusion size to a single square.
(D) Dungeon
Where to? (Enter - D:2, ? - help)
There is a stone staircase leading down, spattered with blood here.
There is a stone staircase leading down here.
You climb downwards.
The jackal bites you but does no damage.
There is a stone staircase leading up here.
There are monsters nearby!
There are monsters nearby!
You hit the gnoll.
The gnoll is moderately wounded.
The jackal closely misses you. The gnoll hits you with a +0 club.
The jackal bites you.
There are monsters nearby!
You closely miss the gnoll.
The gnoll is moderately wounded.
The gnoll hits you with a +0 club. The jackal bites you.
The gnoll hits you with a +0 club.
* * * LOW HITPOINT WARNING * * *
The jackal bites you.
* * * LOW HITPOINT WARNING * * *
The gnoll hits you with a +0 club!
You die...

... #.. ....
..#####
##.....## #
#..#.<..# .#
#.......#..#
#.@._.#....#
#ghg....# #.
#.g#.<..#
#.##hr...##
#..g.#####..#
##....gghr...
###...g.....
##########


You could see 4 gnolls, a quokka and 2 jackals.

Vanquished Creatures
  2 ball pythons (D:1)
  2 endoplasms (D:1)
  A giant cockroach (D:1)
  A hobgoblin (D:1)
  3 jackals (D:1)
  2 bats (D:1)
  A rat (D:1)
12 creatures vanquished.

Vanquished Creatures (others)
  2 jackals (D:1)
2 creatures vanquished.

Grand Total: 14 creatures vanquished

Notes
Turn   | Place    | Note
-------+----------+-------------------------------------------
     0 | D:1      | H0rd4k the Human Artificer began the quest for the Orb.
     0 | D:1      | Reached XP level 1. HP: 15/15 MP: 1/1
   556 | D:1      | Reached XP level 2. HP: 21/21 MP: 2/2
  1235 | D:2      | Found a faded altar of an unknown god.
  1808 | D:2      | Slain by a gnoll

Illustrated notes

Levels and vault maps discovered:
D:1:      lemuel_arrival_rhombus, layout_basic, hex_medium
D:2:      minmay_chambers_of_twos, layout_rooms, nicolae_ecumenical_pavilion

Action                   || total
-------------------------++-------
Melee: Club              ||    55
       Punch             ||     2
Evoke: Wand              ||     7
 Stab: Sleeping          ||     1
Armor: Leather armour    ||    32
Dodge: Dodged            ||    82
